 Dungeon Crawl Stone Soup version 0.21-a0-442-g848f44b (webtiles) character file.

651 slep the Slasher (level 7, 0/55 HPs)
             Began as a Demonspawn Wanderer on Nov 14, 2017.
             Slain by badtown's ghost (7 damage)
             ... on level 5 of the Dungeon.
             The game lasted 00:22:16 (3768 turns).

slep the Slasher (Demonspawn Wanderer)              Turns: 3768, Time: 00:22:17

Health: 0/55       AC:  5    Str: 15    XL:     7   Next: 28%
Magic:  7/7        EV: 17    Int: 11    God:
Gold:   294        SH:  0    Dex: 14    Spells: 6/6 levels left

rFire    + . .     SeeInvis .   F - +0 great sword
rCold    + . .     Gourm    .   (shield currently unavailable)
rNeg     . . .     Faith    .   x - +0 ring mail
rPois    +         Spirit   .   (helmet restricted)
rElec    +         Reflect  .   (no cloak)
rCorr    +         Harm     .   (no gloves)
MR       .....                  (boots unavailable)
Stlth    +.........             y - amulet of regeneration
HPRegen  0.58/turn              k - +1 ring of evasion
MPRegen  0.10/turn              i - +4 ring of evasion

@: resistant, berserk cooldown
A: hooves 3, horns 1, demonic guardian 1
a: no special abilities


You were on level 5 of the Dungeon.
You were not hungry.

You visited 1 branch of the dungeon, and saw 5 of its levels.

You collected 294 gold pieces.

Inventory:

Hand Weapons
 c - a +0 falchion
 v - a +2 short sword of draining
 F - a +0 great sword (weapon)
Missiles
 b - 4 throwing nets (quivered)
 D - 3 silver javelins
Armour
 a - a +0 leather armour
 r - a +0 pair of boots
 x - a +0 ring mail (worn)
Jewellery
 e - an uncursed ring of flight
 i - a +4 ring of evasion (right hand)
 k - a +1 ring of evasion (left hand)
 y - an amulet of regeneration (around neck)
 E - an uncursed ring of fire
Wands
 z - a wand of lightning (8/15)
 B - a wand of enslavement (17/24)
Scrolls
 d - 3 scrolls of teleportation
 h - a scroll of fear {unknown}
 j - 2 scrolls of remove curse {unknown}
 l - 3 scrolls of identify {unknown}
 m - a scroll of amnesia {unknown}
 o - a scroll of magic mapping {unknown}
 s - 2 scrolls of blinking {unknown}
 w - a scroll of immolation {unknown}
 A - a scroll of enchant weapon {unknown}
 G - a scroll of fog {unknown}
Potions
 g - 7 potions of curing
 n - a potion of ambrosia
 H - a potion of resistance
Comestibles
 f - 5 bread rations
 q - 2 meat rations
 u - 4 royal jellies


   Skills:
 + Level 4.5 Fighting
 + Level 1.0(3.0) Short Blades
 + Level 4.5(4.6) Long Blades
 + Level 1.0 Throwing
 + Level 3.1 Armour
 + Level 2.9 Dodging
 + Level 2.1 Stealth
 + Level 1.0 Evocations


You had 6 spell levels left.
You didn't know any spells.

Dungeon Overview and Level Annotations

Branches:
Dungeon (5/15)
 Temple: D:4-7

Altars:
Nemelex Xobeh
Yredelemnul

Annotations:
D:5 badtown's ghost, novice DgIE


Innate Abilities, Weirdness & Mutations

You have hooves in place of feet.
You have a pair of small horns on your head.
A weak demonic guardian rushes to your aid.


Message History

Your ring mail prevents you from hitting badtown's ghost.
Your kick misses badtown's ghost. Your headbutt misses badtown's ghost.
Badtown's ghost is severely damaged.
You barely miss badtown's ghost.
You kick badtown's ghost, but do no damage.
Your headbutt misses badtown's ghost.
Badtown's ghost is severely damaged.
Your shadow imp closely misses the ice beast.
The ice beast hits your shadow imp but does no damage.
Badtown's ghost hits you but does no damage.
Your shadow imp hits the ice beast.
Your ring mail prevents you from hitting badtown's ghost.
Your kick misses badtown's ghost.
Badtown's ghost is severely damaged.
The ice beast hits your shadow imp. The ice beast freezes your shadow imp.
Your shadow imp resists.
Your shadow imp dies!
Badtown's ghost mumbles some strange words.
Badtown's ghost blinks!
Badtown's ghost hits you!
You die...

#.#
#.#
#.#
#.#
#.#
#.#
##.##
#.Y§##
#.@..#
#.W.##
#####


You could see an ice beast and badtown's ghost.

Vanquished Creatures
  Duvessa (D:4)
  A centaur (D:5)
  Dowan (D:4)
  A scorpion (D:5)
  A howler monkey (D:4)
  A centaur skeleton (D:4)
  A hound (D:2)
  2 iguanas
  A hound zombie (D:5)
  4 adders
  An ooze (D:2)
  3 worms
  2 dart slugs
  2 leopard geckos (D:3)
  2 orcs
  5 giant cockroaches
  6 goblins
  12 hobgoblins
  7 jackals
  8 kobolds
  2 quokkas
  2 ball pythons
  8 bats
  2 frilled lizards (D:1)
  A leopard gecko skeleton (D:2)
  A quokka skeleton (D:4)
  11 rats
  A spectral orc (D:3)
  2 bushes (D:2)
92 creatures vanquished.

Vanquished Creatures (collateral kills)
  An ogre (D:5)
  A bullfrog (D:5)
  A worker ant (D:4)
3 creatures vanquished.

Grand Total: 95 creatures vanquished

Notes
Turn   | Place    | Note
-------+----------+-------------------------------------------
     0 | D:1      | slep the Demonspawn Wanderer began the quest for the Orb.
     0 | D:1      | slep set off with: a +0 leather armour, 4 throwing nets, a +0 falchion, a scroll of teleportation, a bread ration
     0 | D:1      | Reached XP level 1. HP: 18/18 MP: 1/1
   180 | D:1      | Gained mutation: You have large cloven feet. [demonic ancestry]
   180 | D:1      | Reached XP level 2. HP: 24/24 MP: 2/2
   324 | D:1      | Gained mutation: A weak demonic guardian rushes to your aid. [demonic ancestry]
   324 | D:1      | Reached XP level 3. HP: 18/29 MP: 3/3
   819 | D:2      | Gained mutation: You have a pair of small horns on your head. [demonic ancestry]
   819 | D:2      | Reached XP level 4. HP: 31/35 MP: 4/4
   892 | D:2      | Reached skill level 1 in Armour
  1278 | D:2      | Found a sparkling altar of Nemelex Xobeh.
  2542 | D:3      | Found a basalt altar of Yredelemnul.
  2736 | D:4      | Reached XP level 5. HP: 42/42 MP: 5/5
  2742 | D:4      | Noticed Dowan
  2747 | D:4      | Noticed Duvessa
  2764 | D:4      | Killed Dowan
  2772 | D:4      | Killed Duvessa
  2890 | D:4      | Gained mutation: You have hoof-like feet. [demonic ancestry]
  2890 | D:4      | Reached XP level 6. HP: 44/48 MP: 6/6
  3283 | D:5      | Entered Level 5 of the Dungeon
  3451 | D:5      | Gained mutation: You have hooves in place of feet. [demonic ancestry]
  3451 | D:5      | Reached XP level 7. HP: 50/55 MP: 7/7
  3593 | D:5      | Found a sparkling altar of Nemelex Xobeh.
  3674 | D:5      | Noticed badtown's ghost (novice DgIE)
  3768 | D:5      | Slain by badtown's ghost

Vault maps used:
D:1:      grunt_arrival_lava_bath
D:2:      serial_forest, infiniplex_forest_clump_medium,
          infiniplex_forest_clump_curved, infiniplex_forest_side_room,
          infiniplex_forest_end_2, infiniplex_forest_fountain,
          infiniplex_forest_3_way, infiniplex_forest_clump_tiny,
          minmay_door_square, st_stairs_12, nemelex_dance_club_becter
D:3:      minmay_wonky_spiral, yredelemnul_forgotten_temple_becter, first_bread
D:4:      uniq_duvessa
D:5:      lemuel_insect_pit, old_standard_altar

Skill      XL: |  1  2  3  4  5  6  7 |
---------------+----------------------+-----
Dodging        | 2 |  2.9
Armour         | 1 2 3 |  3.1
Long Blades    | 2 3 4 |  4.5
Fighting       | 4 |  4.5
Stealth        | 2 |  2.1
Short Blades   | |  1.0
Throwing       | |  1.0
Evocations     | |  1.0

Action                   |  1- 3 |  4- 6 |  7- 9 || total
-------------------------+-------+-------+-------++-------
Melee: Falchion          |    70 |   347 |       ||   417
       Kick              |    19 |    15 |    15 ||    49
       Headbutt          |       |   102 |     4 ||   106
       Great sword       |       |    11 |    46 ||    57
  Use: Potion            |       |       |     5 ||     5
 Stab: Sleeping          |     2 |     3 |       ||     5
  Eat: Chunk             |       |     9 |     1 ||    10
Armor: Leather armour    |    22 |    17 |       ||    39
       Ring mail         |       |    21 |     7 ||    28
       Skin              |       |       |     8 ||     8
Dodge: Dodged            |    72 |   162 |    29 ||   263
       Rpst.: Falchion   |    22 |    43 |       ||    65
       Great sword       |       |     6 |     8 ||    14

Table legend:
 A = Spawn XP
 B = Non-spawn XP
 C = Spawn XP percentage of total XP
 D = Spawn monster count
 E = Non-spawn monster count
 F = Spawn count percentage of total count
 G = Total turns spent on level
                    A         B        C        D         E        F      G
               +---------+---------+-------+---------+---------+-------+---------
         Total |       0 |     931 |   0.0 |       0 |      93 |   0.0 |  3768
               +---------+---------+-------+---------+---------+-------+---------
           D:1 |       0 |      49 |   0.0 |       0 |      28 |   0.0 |   678
           D:2 |       0 |     101 |   0.0 |       0 |      27 |   0.0 |  1402
           D:3 |       0 |      28 |   0.0 |       0 |      17 |   0.0 |   647
           D:4 |       0 |     337 |   0.0 |       0 |      12 |   0.0 |   556
           D:5 |       0 |     416 |   0.0 |       0 |       9 |   0.0 |   485
               +---------+---------+-------+---------+---------+-------+---------
